 Dungeon Crawl Stone Soup version 0.31-a0-263-ge8cad7f256 (webtiles) character file.

Game seed: 12703681940642519858

63 qw the Shooter (level 3, -3/29 HPs)
             Began as a Minotaur Hexslinger on July 13, 2023.
             Killed from afar by an orc wizard (9 damage)
             ... with a puff of flame
             ... on level 3 of the Dungeon.
             The game lasted 00:00:38 (1941 turns).

qw the Shooter (Minotaur Hexslinger)                Turns: 1941, Time: 00:00:38

Health: -3/29      AC:  5    Str: 18    XL:     3   Next: 89%
Magic:  3/3        EV: 11    Int: 10    God:
Gold:   151        SH:  0    Dex: 14    Spells: 3/4 levels left

rFire   . . .        Y - +1 sling
rCold   . . .        (no shield)
rNeg    . . .        d - +0 ring mail
rPois   .            (helmet restricted)
rElec   .            (no cloak)
rCorr   .            (no gloves)
SInv    .            (no boots)
Will    .....        (no amulet)
Stlth   +            e - +6 ring of strength
HPRegen 0.24/turn    (no ring)
MPRegen 0.08/turn

%: no passive effects
@: no status effects
A: horns 2, retaliatory headbutt
a: no special abilities


You were on level 3 of the Dungeon.
You visited 1 branch of the dungeon, and saw 3 of its levels.

You collected 151 gold pieces.


Innate Abilities, Weirdness & Mutations

You have a pair of horns on your head.
You reflexively headbutt those who attack you in melee.


   Skills:
 - Level 2.0 Fighting
 + Level 4.4 Ranged Weapons
 - Level 0.4 Armour
 - Level 2.1 Dodging
 - Level 1.0 Spellcasting
 - Level 2.0 Hexes


You had 3 spell levels left.
You knew the following spells:

 Your Spells              Type           Power      Damage    Failure   Level
a - Slow                  Hex            16%        N/A       26%         1

Your spell library contained the following spells:

 Spells                   Type           Power      Damage    Failure   Level
 Inner Flame              Hex/Fire       2%         N/A       77%         3
 Portal Projectile        Hex/Tloc       4%         N/A       77%         3
 Cause Fear               Hex            2%         N/A       95%         4

Inventory:

Hand Weapons
 Y - a +1 sling (weapon)
Armour
 d - a +0 ring mail (worn)
Jewellery
 e - a +6 ring of strength (left hand)
Potions
 a - a potion of curing {unknown}
 g - a potion of resistance {unknown}
 h - a potion of attraction {unknown}

Dungeon Overview and Level Annotations

Branches:
Dungeon (3/15)

Altars:


Message History

You shoot a sling bullet. The sling bullet barely misses the orc.
The orc shouts!
The orc wizard casts a spell at you. The magic dart hits you.
You shoot a sling bullet.
The sling bullet closely misses the orc.
The orc closely misses you. The orc hits you with a +0 club.
You shoot a sling bullet. The sling bullet hits the orc.
You kill the orc!
You shoot a sling bullet. The sling bullet hits the orc wizard.
The orc wizard is lightly wounded.
The orc wizard gestures wildly while chanting.
The orc wizard flickers and vanishes!
Deactivating autopickup; reactivate with Ctrl-A.
You shoot a sling bullet.
The sling bullet closely misses the orc wizard.
The sling bullet barely misses the orc.
Something hits you.
You shoot a sling bullet. The sling bullet hits the orc wizard!
The orc wizard is heavily wounded.
The orc wizard closely misses you. Something hits you.
You shoot a sling bullet.
The sling bullet closely misses the orc wizard.
The sling bullet hits the orc.
The orc is almost dead.
You hear some strange, mumbled words.
A magic dart appears from out of thin air!
The magic dart hits you.
You shoot a sling bullet.
The sling bullet hits the orc wizard but does no damage.
The orc wizard is heavily wounded.
The orc wizard gestures at you while chanting.
You resist with significant effort. Something hits you.
You shoot a sling bullet. The sling bullet barely misses the orc.
The orc wizard points at you and mumbles some strange words.
The magic dart hits you. The orc barely misses you.
Something hits you but does no damage. The orc hits you but does no damage.
The orc wizard points at you and mumbles some strange words.
The puff of flame hits you!
You die...

###### ......
o.....
.).o..####
..#####{).##
#####
......o@...#
#....
##.####o...#
#.### #.
#....# #.# #.
#....# #.#
###.####....#
#.#
#......#....#
#.#
#......#....#
#.#
#......#....#
#.#
#...........#
#.#


You could see an orc wizard and an orc.

Vanquished Creatures
  6 orcs (D:3)
  4 ball pythons
  4 bats
  An endoplasm (D:2)
  2 giant cockroaches (D:1)
  3 goblins
  6 hobgoblins
  3 jackals (D:1)
  8 kobolds
  3 quokkas
  5 frilled lizards
  8 rats
53 creatures vanquished.

Notes
Turn   | Place    | Note
-------+----------+-------------------------------------------
     0 | D:1      | qw the Minotaur Hexslinger began the quest for the Orb.
     0 | D:1      | Reached XP level 1. HP: 16/16 MP: 1/1
     0 | D:1      | 0 ||| qw: Version: 0.3-a-52-g30416fa
     0 | D:1      | 0 ||| qw: Game counter: 7411
     0 | D:1      | 0 ||| qw: Melee chars always use a shield: true
     0 | D:1      | 0 ||| qw: God list: Okawaru
     0 | D:1      | 0 ||| qw: Allow faded altars: false
     0 | D:1      | 0 ||| qw: Do Orc after clearing Dungeon:15 true
     0 | D:1      | 0 ||| qw: Do second Lair branch before Depths: true
     0 | D:1      | 0 ||| qw: Lair rune preference: random
     0 | D:1      | 0 ||| qw: Goals: Normal
     0 | D:1      | 0 ||| PLANNING D:1-11
   201 | D:1      | Reached skill level 3 in Ranged Weapons
   201 | D:1      | Reached XP level 2. HP: 23/23 MP: 2/2
   449 | D:1      | Found a faded altar of an unknown god.
   777 | D:1      | 777 ||| UPGRADING to +0 ring mail.
   787 | D:1      | 787 ||| DROPPING +0 robe.
   788 | D:1      | 788 ||| READING scroll labelled JERUSH ZYUL.
   889 | D:1      | 889 ||| READING scroll labelled FAFASI CEODD.
   934 | D:1      | 934 ||| DROPPING scroll of poison.
  1005 | D:2      | Reached XP level 3. HP: 29/29 MP: 3/3
  1389 | D:2      | Reached skill level 4 in Ranged Weapons
  1640 | D:2      | 1640 ||| UPGRADING to +6 ring of strength.
  1641 | D:2      | 1641 ||| READING scroll labelled FIUGIGR QILONA.
  1645 | D:2      | 1645 ||| READING scroll labelled YRPHYZ POBRE.
  1646 | D:2      | 1646 ||| DRINKING 2 fuming yellow potions.
  1647 | D:2      | 1647 ||| DROPPING potion of brilliance.
  1931 | D:3      | 1931 ||| Stepping ~*~*~tactically~*~*~ (outnumbered).
  1941 | D:3      | HP: 6/29 [orc wizard/magic dart (4)]
  1941 | D:3      | Killed from afar by an orc wizard

Levels and vault maps discovered:
D:1:      psy_arrival_conway, layout_loops_ring,
          shapermc_ecumenical_altar_hornbeckon
D:2:      layout_basic, serial_bayou_pond_d, minmay_goblin_kobold_house
D:3:      layout_basic

Skill      XL: |  1  2  3 |
---------------+----------+-----
Ranged Weapons | 3 4 |  4.4
Fighting       | 2 |  2.0
Armour         | |  0.4
Dodging        | |  2.1
Spellcasting   | |  1.0
Hexes          | |  2.0

Action                     || total
---------------------------++-------
   Fire: Sling             ||   150
    Use: Scroll            ||     4
         Potion            ||     1
 Armour: Robe              ||     5
         Ring mail         ||    22
  Dodge: Dodged            ||    44

Table legend:
 A = Non-vault XP
 B = Vault XP
 C = Vault XP percentage of total XP
 D = Non-vault monster count
 E = Vault monster count
 F = Vault count percentage of total count
                 A         B        C        D         E       F
            +---------+---------+-------+---------+---------+-------
      Total |      82 |       9 |   9.9 |      46 |       7 |  13.2
            +---------+---------+-------+---------+---------+-------
        D:1 |      37 |       0 |   0.0 |      22 |       0 |   0.0
        D:2 |      19 |       9 |  32.1 |      13 |       7 |  35.0
        D:3 |      26 |       0 |   0.0 |      11 |       0 |   0.0
            +---------+---------+-------+---------+---------+-------
